 Dungeon Crawl Stone Soup version 0.23.0-3-gf3c87f2 (webtiles) character file.

Game seed: 13821205686392606957

67 Hasart the Magician (level 3, 0/26 HPs)
             Began as a Demigod Wizard on Feb 24, 2019.
             Slain by a gnoll
             ... wielding a +0 spear
              (7 damage)
             ... on level 2 of the Dungeon.
             The game lasted 00:05:07 (2208 turns).

Hasart the Magician (Demigod Wizard)                Turns: 2208, Time: 00:05:08

Health: 0/26       AC:  2    Str: 10    XL:     3   Next: 72%
Magic:  7/10       EV: 13    Int: 24    God:
Gold:   38         SH:  0    Dex: 14    Spells: 5/8 levels left

rFire    . . .     SeeInvis .   l - +1 dagger (venom)
rCold    . . .     Gourm    .   (no shield)
rNeg     . . .     Faith    .   a - +0 robe
rPois    .         Spirit   .   b - +0 hat
rElec    .         Reflect  .   (no cloak)
rCorr    .         Harm     .   (no gloves)
MR       .....                  (no boots)
Stlth    ++........             (no amulet)
HPRegen  0.08/turn              (no ring)
MPRegen  0.12/turn              (no ring)

@: no status effects
A: high mp 1
a: no special abilities


You were on level 2 of the Dungeon.
You were not hungry.

You visited 1 branch of the dungeon, and saw 2 of its levels.

You collected 38 gold pieces.

Inventory:

Hand Weapons
 i - a +0 short sword
 l - a +1 dagger of venom (weapon)
Armour
 a - a +0 robe (worn)
 b - a +0 hat (worn)
 c - a +0 leather armour
Scrolls
 g - 2 scrolls of identify {unknown}
 h - 3 scrolls of teleportation {unknown}
 k - 2 scrolls of enchant armour {unknown}
 p - a scroll of immolation {unknown}
Potions
 e - a potion of degeneration {unknown}
 f - a potion of mutation {unknown}
 j - a potion of brilliance {unknown}
 m - a potion of lignification {unknown}
 o - 2 potions of curing {unknown}
Comestibles
 d - 7 rations


   Skills:
 + Level 2.4 Dodging
 - Level 1.7 Stealth
 + Level 3.1 Spellcasting
 * Level 2.5 Conjurations
 - Level 0.8 Summonings
   Level 0.8 Translocations


You had 5 spell levels left.
You knew the following spells:

 Your Spells              Type           Power        Failure   Level  Hunger
a - Magic Dart            Conj           ###.         3%          1    None
b - Call Imp              Summ           #.......     12%         2    ##.....

Your spell library contained the following spells:

 Spells                   Type           Power        Failure   Level  Hunger
 Blink                    Tloc           N/A          12%         2    ##.....
 Slow                     Hex            #.......     16%         2    ##.....
 Conjure Flame            Conj/Fire      #.......     19%         3    ###....
 Mephitic Cloud           Conj/Pois/Air  #.......     22%         3    ###....


Dungeon Overview and Level Annotations

Branches:
Dungeon (2/15)


Innate Abilities, Weirdness & Mutations

You have an increased reservoir of magic. (+10% MP)


Message History

Your crimson imp hits the gnoll.
The gnoll barely misses you.
Your shadow imp hits the gnoll.
Your crimson imp hits the gnoll.
The gnoll barely misses you.
The gnoll hits your crimson imp but does no damage.
Your shadow imp hits the gnoll.
The gnoll dies!
The gnoll misses you.
Things that are here:
a +0 spear; a +0 halberd You barely miss the gnoll.
The gnoll hits you with a +0 spear!
You hit the gnoll.
The gnoll is poisoned.
The gnoll is lightly wounded.
The gnoll hits you with a +0 spear!
* * * LOW HITPOINT WARNING * * *
You hit the gnoll but do no damage.
The gnoll looks even sicker.
The gnoll is lightly wounded.
The gnoll misses you.
You swap places.
The gnoll hits you from afar with a +0 spear!
You die...

########## #........# ##########
#.######.# ##........###.#### #.#
.................# #.#
##.##..#....#.##.###.# #####
..............g5@....####...##
#).##.##...##.##.#........รท..####
...............5.#...####........
...#.#..........<....# ##...####
...#.#.##.###...###..# #.###
...#.#.##.# #...###..# #.#
.#(#.#.##.###........# #.# .
...................# #.#
.................# #.#


You could see a gnoll, a friendly crimson imp and a friendly shadow imp.

Vanquished Creatures
  An ooze (D:1)
  A worm (D:2)
  2 dart slugs (D:1)
  5 bats
  15 giant cockroaches
  3 goblins
  3 hobgoblins
  5 frilled lizards
  2 kobolds (D:1)
  3 rats
40 creatures vanquished.

Vanquished Creatures (collateral kills)
  2 gnolls (D:2)
2 creatures vanquished.

Grand Total: 42 creatures vanquished

Notes
Turn   | Place    | Note
-------+----------+-------------------------------------------
     0 | D:1      | Hasart the Demigod Wizard began the quest for the Orb.
     0 | D:1      | Reached XP level 1. HP: 14/14 MP: 6/6
    31 | D:1      | Reached skill level 1 in Conjurations
   704 | D:1      | Reached XP level 2. HP: 14/20 MP: 8/8
  1465 | D:2      | Reached skill level 3 in Spellcasting
  1465 | D:2      | Reached XP level 3. HP: 13/26 MP: 0/10
  1799 | D:2      | Found an iron altar of Okawaru.
  2009 | D:2      | Learned a level 2 spell: Call Imp
  2208 | D:2      | Slain by a gnoll

Skill      XL: |  1  2 |
---------------+-------+-----
Conjurations   | 1 2 |  2.5
Dodging        | 2 |  2.4
Spellcasting   | 3 |  3.1
Stealth        | |  1.7
Summonings     | |  0.8
Translocations | |  0.8

Action                   || total
-------------------------++-------
Melee: Short sword       ||    41
       Unarmed           ||     1
       Dagger            ||    36
 Cast: Magic Dart        ||    43
       Call Imp          ||     2
 Stab: Sleeping          ||     2
  Eat: Chunk             ||     4
Armor: Robe              ||    20
Dodge: Dodged            ||    61
